 Dungeon Crawl Stone Soup version 0.17-a0-1562-g9b2c768 (webtiles) character file.

492 George the Slasher (level 6, -1/66 HPs)
             Began as a Demonspawn Gladiator on July 20, 2015.
             Was a Follower of Makhleb.
             Slain by a quokka (2 damage)
             ... summoned by Eustachio
             ... on level 4 of the Dungeon.
             The game lasted 00:09:51 (3400 turns).

George the Slasher (Demonspawn Gladiator)           Turns: 3400, Time: 00:09:51

Health: -1/66      AC: 23    Str: 18    XL:     6   Next: 91%
Magic:  9/9        EV:  2    Int:  9    God:    Makhleb [*.....]
Gold:   99         SH:  0    Dex: 13    Spells: 0 memorised, 5 levels left

rFire  . . .     SeeInvis .     a - +1 long sword
rCold  . . .     Clarity  .     (armour currently unavailable)
rNeg   + + +     SustAt   .     (no shield)
rPois  +         Gourm    .     (helmet currently unavailable)
rElec  .         Spirit   .     (cloak currently unavailable)
rCorr  +         Warding  .     (gloves currently unavailable)
rMut   .         NoTele   +     (boots currently unavailable)
MR     .....                    i - amulet of resist corrosion
Stlth  +.........               (no ring)
                                (no ring)

@: tree-form, very heavily drained, not resistant to hostile enchantments, very
unstealthy
A: (claws 0), (large bone plates 0)
a: Renounce Religion


You were on level 4 of the Dungeon.
You worshipped Makhleb.
Makhleb was aware of your devotion.
You were hungry.
You were a tree.
You visited 1 branch of the dungeon, and saw 4 of its levels.

You collected 99 gold pieces.

Inventory:

Hand weapons
 a - a +1 long sword (weapon)
Missiles
 d - 4 throwing nets (quivered)
Armour
 c - a +0 helmet (melded)
 k - a +0 chain mail (melded)
 r - a +0 pair of boots (melded)
 x - a +1 cloak (melded)
Jewellery
 i - an amulet of resist corrosion (around neck)
Scrolls
 j - 3 scrolls of recharging
 m - a scroll of teleportation
 y - a scroll of blinking
Potions
 h - 2 potions of brilliance
 u - a potion of agility {unknown}
 v - a potion of might {unknown}
 w - a potion of heal wounds {unknown}
Books
 z - a book of Maledictions

   Spells                             Type                      Level
   a - Corona                         Hexes                        1
   b - Ensorcelled Hibernation        Hexes/Ice                    2
   c - Confuse                        Hexes                        3
   d - Tukima's Dance                 Hexes                        3
   e - Dazzling Spray                 Conjuration/Hexes            3
Comestibles
 e - 3 bread rations
 p - a royal jelly


   Skills:
 - Level 2.0(0.0) Fighting
 * Level 6.3(2.8) Long Blades
 - Level 1.7(0.0) Throwing
 - Level 2.6(0.0) Dodging
 + Level 4.6(1.3) Invocations


You had 5 spell levels left.
You didn't know any spells.

Dungeon Overview and Level Annotations

Branches:
Dungeon (4/15)
 Temple: D:4-7

Altars:
Elyvilon
Fedhas
Makhleb
The Shining One

Annotations:
D:4 Eustachio


Innate Abilities, Weirdness & Mutations

((You have sharp fingernails.))
((You are partially covered in large bone plates (AC +2, SH +2).))


Message History

The quokka bites you but does no damage.
You closely miss Eustachio.
Eustachio is almost dead.
The quokka closely misses you. The quokka bites you.
* * * LOW HITPOINT WARNING * * *
The quokka completely misses you. The crimson imp hits you.
* * * LOW HITPOINT WARNING * * *
Eustachio hits you but does no damage.
You feel drained.
Drink which item? (? for menu, Esc to quit)
It was a potion of lignification.
You turn into a tree.
Your +1 cloak melds into your body.
Your +0 helmet melds into your body.
Your +0 pair of boots melds into your body.
Your +0 chain mail melds into your body.
Your roots penetrate the ground.
The quokka bites you but does no damage. x3
The crimson imp hits you but does no damage.
Eustachio mumbles some strange words.
The quokka bites you but does no damage.
The quokka bites you.
You die...

## .## .. .. #. ..# ...
(.##. ..## . ### ....
#.#......#..#
..###.....##.#..#...#..#
...#..# ......#...5...#
.÷....# #....5.!...#
...##.# #.5♣@....<.
...## #.rrr...##. ##..#
# ##..g....# ##..# .#
#........#
##)###.###...#..#...# #
#..#.....####..##..## .#
#.......# ##.###..###..#
###.......## #.# #..#..#
##.........# ##.# ##..#


You could see Eustachio, an iron imp, a crimson imp, a white imp, 3 quokkas and
a goblin.

Vanquished Creatures
  A phantom (D:4)
  2 ogres
  A hound (D:4)
  Crazy Yiuf (D:2)
  A quasit (D:3)
  A worker ant (D:4)
  A hound skeleton (D:4)
  5 adders
  A worm (D:3)
  3 orcs (D:3)
  4 giant cockroaches
  7 goblins
  3 hobgoblins
  8 bats
  4 giant geckos
  A giant newt (D:3)
  2 jackal skeletons
  10 kobolds
  10 rats
66 creatures vanquished.

Notes
Turn   | Place    | Note
--------------------------------------------------------------
     0 | D:1      | George the Demonspawn Gladiator began the quest for the Orb.
     0 | D:1      | Reached XP level 1. HP: 16/16 MP: 1/1
   184 | D:1      | Reached skill level 3 in Long Blades
   332 | D:1      | Gained mutation: You are partially covered in large bone plates (AC +2, SH +2). [demonic ancestry]
   332 | D:1      | Reached XP level 2. HP: 22/22 MP: 2/2
   985 | D:2      | Found a glowing golden altar of the Shining One.
   988 | D:2      | Found a burning altar of Makhleb.
  1004 | D:2      | Found a blossoming altar of Fedhas.
  1004 | D:2      | Found a white marble altar of Elyvilon.
  1016 | D:2      | Became a worshipper of Makhleb the Destroyer
  1221 | D:2      | Reached XP level 3. HP: 24/27 MP: 3/3
  1619 | D:2      | Noticed Crazy Yiuf
  1668 | D:2      | Killed Crazy Yiuf
  1668 | D:2      | Reached skill level 4 in Long Blades
  1668 | D:2      | Reached skill level 1 in Invocations
  1877 | D:3      | Reached XP level 4. HP: 23/33 MP: 3/5
  2236 | D:3      | Noticed an ogre
  2249 | D:3      | Killed an ogre
  2249 | D:3      | Reached skill level 5 in Long Blades
  2249 | D:3      | Reached XP level 5. HP: 38/38 MP: 5/7
  2307 | D:3      | Acquired Makhleb's first power
  2816 | D:4      | Gained mutation: You have sharp fingernails. [demonic ancestry]
  2816 | D:4      | Reached XP level 6. HP: 44/44 MP: 8/8
  2823 | D:4      | Noticed an ogre
  2839 | D:4      | Killed an ogre
  3107 | D:4      | Noticed a phantom
  3113 | D:4      | Reached skill level 6 in Long Blades
  3138 | D:4      | Killed a phantom
  3317 | D:4      | Noticed Eustachio
  3399 | D:4      | HP: 2/44 [quokka[Eustachio] (2)]
  3400 | D:4      | Slain by a quokka

Vault maps used:
D:1:      minmay_arrival_stone_box
D:2:      minmay_door_path, grunt_temple_overflow_open, serial_park_tiny_2,
          serial_bayou_lake_a, uniq_crazy_yiuf_cottage
D:3:      first_bread
D:4:      minmay_misc_feat_x, minmay_misc_feat_roman, uniq_eustachio

Action                   |  1- 3 |  4- 6 || total
-------------------------+-------+-------++-------
Melee: Long sword        |   130 |   182 ||   312
Throw: Throwing net      |       |     2 ||     2
  Use: Scroll            |    11 |       ||    11
       Potion            |     1 |     1 ||     2
 Stab: Sleeping          |     1 |       ||     1
       Held in net/web   |       |     1 ||     1
  Eat: Chunk             |     3 |     5 ||     8
